 Dungeon Crawl Stone Soup version 0.32-a0-876-gcfddb08e57 (webtiles) character file.

Game seed: 17262293856387783049

8184 spaghetti the Marksdemonspawn (level 11, -6/108 HPs)
             Began as a Demonspawn Hunter on Apr 2, 2024.
             Was an Initiate of Hepliaklqana.
             Mangled by a boulder beetle (9 damage)
             ... on level 8 of the Dungeon.
             The game lasted 00:12:19 (8461 turns).

spaghetti the Marksdemonspawn (Demonspawn Hunter)   Turns: 8461, Time: 00:12:20

Health: -6/108     AC: 13    Str: 11    XL:     11   Next: 6%
Magic:  20/20      EV: 11    Int: 11    God:    Hepliaklqana [......]
Gold:   492        SH:  4    Dex: 20    Spells: 10/10 levels left

rFire   . . .        D - +5 executioner's axe "Foplaw" {flame, Will+}
rCold   . . .        (shield currently unavailable)
rNeg    + . .        d - +2 leather armour {rPois}
rPois   +            (no helmet)
rElec   .            (no cloak)
rCorr   .            (no gloves)
SInv    .            (no boots)
Will    .....        (no amulet) Stlth
                     c - +4 ring of protection
HPRegen 0.38/turn    x - ring "Itajet" {rN+ Will- MP+9 Slay+3 Stlth+}
MPRegen 0.17/turn

%: no passive effects
@: berserking, hasted, very quick
A: claws 1, icemail 1, spiny 2, condensation shield
a: Renounce Religion


You were on level 8 of the Dungeon.
You worshipped Hepliaklqana.
Hepliaklqana was noncommittal.
You visited 2 branches of the dungeon, and saw 10 of its levels.
You also visited: Ossuary and Bailey.

You collected 596 gold pieces.
You spent 104 gold pieces at shops.

Inventory:

Hand Weapons
 i - a +3 orcbow of flaming
 D - the +5 executioner's axe "Foplaw" (weapon) {flame, Will+}
   (You found it in a bailey)

   Will+:     It increases your willpower.
Armour
 d - a +2 leather armour of poison resistance (worn)
Jewellery
 c - a +4 ring of protection (left claw)
 x - the ring "Itajet" (right claw) {rN+ Will- MP+9 Slay+3 Stlth+}
   (You acquired it on level 8 of the Dungeon)

   [ring of magical power]

   Slay+3:    It affects your accuracy & damage with ranged weapons and melee
   (+3).
   rN+:       It protects you from negative energy.
   Will-:     It decreases your willpower.
   MP+9:      It affects your magic capacity (+9).
   Stlth+:    It makes you more stealthy.
 C - the amulet of Teirio {Faith rF+++ rC+ Str-5 Int-3}
   (You found it in a bailey)

   [amulet of faith]

   Faith:     It allows you to gain divine favour quickly.
   Str-5:     It affects your strength (-5).
   Int-3:     It affects your intelligence (-3).
   rF+++:     It renders you almost immune to fire.
   rC+:       It protects you from cold.
Wands
 u - a wand of flame (29)
 z - a wand of polymorph (13)
Scrolls
 f - 2 scrolls of teleportation
 j - 3 scrolls of fog
 l - a scroll of poison
 m - 2 scrolls of butterflies
 n - a scroll of immolation
 r - 7 scrolls of enchant armour
 s - a scroll of torment
 t - a scroll of revelation
 v - a scroll of fear
 y - a scroll of vulnerability
 B - a scroll of blinking
Potions
 a - 2 potions of ambrosia
 b - a potion of haste
 e - 4 potions of heal wounds
 h - a potion of berserk rage
 k - 4 potions of brilliance
 o - a potion of curing
 q - a potion of lignification
 w - a potion of attraction


   Skills:
 - Level 2.0 Fighting
 + Level 15.8 Ranged Weapons
 - Level 1.7 Dodging
 - Level 0.8 Stealth


You had 10 spell levels left.
You didn't know any spells.
Your spell library contained the following spells:

 Spells                   Type           Power      Damage    Failure   Level
 Shock                    Conj/Air       0%         1d3       43%         1
 Swiftness                Air            0%         N/A       80%         3
 Volatile Blastmotes      Fire/Tloc      0%         2d10      80%         3
 Airstrike                Air            0%         2d(0-16)  99%         4
 Fulminant Prism          Conj/Alch      0%         3d5       99%         4
 Iskenderun's Mystic Bla Conj/Tloc 0%             2d3        (+2d1     99%         4


Dungeon Overview and Level Annotations

Branches:
Dungeon (9/15)             Temple (1/1) D:5            Lair (0/5) D:8
Ossuary (visited)          Bailey (visited)
    Orc: D:9-12

Altars:
Cheibriados
Dithmenos
Fedhas
Gozag
Hepliaklqana
Kikubaaqudgha
Makhleb
Nemelex Xobeh
Okawaru
Qazlal
Ru
Sif Muna
Trog
Uskayaw
Vehumet
Wu Jian
Xom
Yredelemnul

Shops:
D:1 [   D:7 *   D:8 *

Annotations:
D:7 1 runed translucent door, Crazy Yiuf


Innate Abilities, Weirdness & Mutations

You have sharp fingernails.
A meltable icy envelope protects you from harm. (AC +4)
You are mostly covered in sharp spines.
A meltable shield of frost defends you. (SH +4)


Message History

You climb upwards.
There is a stone staircase leading down here.
You start resting.
A boulder beetle is nearby!
Okay, then.
It was a potion of haste.
You feel yourself speed up.
Your +3 orcbow of flaming stops flaming.
The +5 executioner's axe "Foplaw" {flame, Will+} bursts into flame!
D - the +5 executioner's axe "Foplaw" (weapon)
{flame, Will+} The boulder beetle bites you!
A red film seems to cover your vision as you go berserk!
You feel yourself moving faster!
You feel mighty!
You slice the boulder beetle!! You burn the boulder beetle!
The boulder beetle is heavily wounded.
The boulder beetle bites you! x2
* * * LOW HITPOINT WARNING * * *
You hit the boulder beetle but do no damage.
The boulder beetle is heavily wounded.
The boulder beetle bites you!
* * * LOW HITPOINT WARNING * * *
You hit the boulder beetle but do no damage.
The boulder beetle is heavily wounded.
The boulder beetle bites you.
* * * LOW HITPOINT WARNING * * *
Unknown command.
You are possessed by a berserker rage.
Your actions are hasted.
Your movement speed is very quick.
Your attack delay is about 1.3.
Your damage rating with the +5 executioner's axe "Foplaw" {flame, Will+} is about 27 (Base 18 x 102% (Str) x 103% (Skill) + 8 (Ench + Slay)).
You slash the boulder beetle! You burn the boulder beetle.
The boulder beetle is severely wounded.
The boulder beetle bites you but does no damage.
You slash the boulder beetle! You burn the boulder beetle.
The boulder beetle is severely wounded.
The boulder beetle bites you.
* * * LOW HITPOINT WARNING * * *
You hit the boulder beetle but do no damage.
The boulder beetle is severely wounded.
The boulder beetle bites you!
You die...
Hepliaklqana delivers you to your ancestors.

#.######.#.# #####..# #.# #[#
#..........#######..###.# #.#
#.######.............<..# #># #.#
##..########..######.# #.#####
#...))..............# #.....#
#.#########..######## #.###.###.#
#..#### #####.##...##.#####
#.....# #
...............B@.######.##.# ##
#####...........#........##.####.
#####.#.###.###########......
#...# #.# #.####. ###.###.# #.#
## #.....##### #.# # ###.......#
#.# #######.# #.# B# #.#


You could see a boulder beetle.

Vanquished Creatures
  Pikel (D:4)
  Grinder (D:3)
  A hornet (D:8)
  Sigmund (D:3)
  2 wyverns (D:8)
  6 yaks
  A basilisk (D:8)
  3 steam dragons
  2 water moccasins (D:8)
  2 ice beasts
  14 orc warriors
  A sky beast (D:6)
  2 ogres
  15 centaurs
  2 lemures
  A kobold brigand (D:7)
  2 phantoms (D:6)
  An elf zombie (Ossuary)
  A weeping skull (Ossuary)
  A bullfrog (D:7)
  A gnoll sergeant (D:5)
  2 scorpions (D:5)
  2 burial acolytes (Ossuary)
  4 wights (D:7)
  A howler monkey (D:7)
  2 centaur zombies (Ossuary)
  2 bombardier beetles (D:4)
  2 jellies
  4 hounds
  3 gnoll boudas (D:7)
  2 orc priests
  An iguana (D:7)
  A human zombie (Ossuary)
  Jessica (D:3)
  A sleepcap (D:5)
  Ijyb (D:3)
  3 orc wizards
  Terence (D:3)
  5 hound zombies (Ossuary)
  2 mummies (Ossuary)
  19 gnolls
  9 adders
  A shadow imp (D:6)
  A white imp (D:5)
  2 dart slugs
  2 ribbon worms
  54 orcs
  6 ball pythons
  A bat zombie (D:3)
  8 endoplasms
  5 giant cockroaches
  7 gnoll zombies (Ossuary)
  5 goblins
  4 hobgoblins
  7 jackals (D:4)
  4 bats
  4 frilled lizards
  A frilled lizard zombie (D:3)
  10 kobolds
  An orc zombie (Ossuary)
  A rat (D:1)
253 creatures vanquished.

Vanquished Creatures (collateral kills)
  A lemure (D:3)
1 creature vanquished.

Vanquished Creatures (others)
  A yak (D:8)
  A scorpion (D:8)
2 creatures vanquished.

Grand Total: 256 creatures vanquished

Notes
Turn   | Place    | Note
-------+----------+-------------------------------------------
     0 | D:1      | spaghetti the Demonspawn Hunter began the quest for the
                  | Orb.
     0 | D:1      | Reached XP level 1. HP: 16/16 MP: 1/1
   360 | D:1      | Found a faded altar of an unknown god.
   511 | D:1      | Found Leastruo's Armour Shoppe.
   648 | D:2      | Reached skill level 4 in Ranged Weapons
   648 | D:2      | Gained mutation: A meltable shield of frost defends you.
                  | (SH +4) [demonic ancestry]
   648 | D:2      | Reached XP level 2. HP: 7/22 MP: 2/2
   837 | D:2      | Gained mutation: You are partially covered in sharp spines.
                  | [demonic ancestry]
   837 | D:2      | Reached XP level 3. HP: 16/27 MP: 3/3
  1057 | D:2      | Reached skill level 5 in Ranged Weapons
  1529 | D:2      | Gained mutation: A meltable icy envelope protects you from
                  | harm. (AC +4) [demonic ancestry]
  1529 | D:2      | Reached XP level 4. HP: 33/33 MP: 4/4
  1901 | D:3      | Noticed Sigmund
  1905 | D:3      | Killed Sigmund
  1906 | D:3      | Reached skill level 6 in Ranged Weapons
  1906 | D:3      | Reached XP level 5. HP: 36/38 MP: 5/5
  2127 | D:3      | Reached XP level 6. HP: 44/44 MP: 6/6
  2206 | D:3      | Noticed Terence
  2212 | D:3      | Killed Terence
  2223 | D:3      | Found a stormy altar of Qazlal.
  2288 | D:3      | Noticed Ijyb
  2309 | D:3      | Killed Ijyb
  2310 | D:3      | Reached skill level 7 in Ranged Weapons
  2505 | D:3      | Found an ancient bone altar of Kikubaaqudgha.
  2586 | D:3      | Noticed Grinder
  2609 | D:3      | Killed Grinder
  2610 | D:3      | Gained mutation: You are mostly covered in sharp spines.
                  | [demonic ancestry]
  2610 | D:3      | Reached XP level 7. HP: 44/50 MP: 7/7
  2827 | D:3      | Noticed Jessica
  2832 | D:3      | Killed Jessica
  2833 | D:3      | Reached skill level 8 in Ranged Weapons
  2949 | D:4      | Noticed Pikel
  2959 | D:4      | Identified the +1 long sword of the Shrinking Gods {pain,
                  | rC+ rN+ Stlth+}
  3298 | D:4      | Found a sand-covered staircase.
  3317 | Ossuary  | Entered an ossuary
  3614 | Ossuary  | Reached skill level 9 in Ranged Weapons
  3691 | Ossuary  | Reached XP level 8. HP: 55/56 MP: 8/8
  3906 | D:4      | Killed Pikel
  3907 | D:4      | Reached skill level 10 in Ranged Weapons
  4337 | D:5      | Entered Level 5 of the Dungeon
  4351 | D:5      | Reached skill level 11 in Ranged Weapons
  4364 | D:5      | Found a staircase to the Ecumenical Temple.
  4456 | D:5      | Gained mutation: You have sharp fingernails. [demonic
                  | ancestry]
  4456 | D:5      | Reached XP level 9. HP: 61/61 MP: 9/9
  4492 | D:5      | Found an ornate altar of the Wu Jian Council.
  4962 | D:6      | Reached skill level 12 in Ranged Weapons
  5497 | D:6      | Found a radiant altar of Vehumet.
  5822 | D:7      | Reached skill level 13 in Ranged Weapons
  5918 | D:7      | Found Muotzynn's General Store.
  5926 | D:7      | Bought a scroll of brand weapon for 104 gold pieces
  6017 | D:7      | Reached XP level 10. HP: 67/67 MP: 10/10
  6082 | D:7      | Found a flagged portal.
  6227 | Bailey   | Entered a bailey
  6431 | Bailey   | Reached skill level 14 in Ranged Weapons
  6883 | Bailey   | Identified the +5 executioner's axe "Foplaw" {flame, Will+}
  6884 | Bailey   | Identified the amulet of Teirio {Faith rF+++ rC+ Str-5
                  | Int-3}
  7108 | D:7      | Reached skill level 15 in Ranged Weapons
  7303 | D:7      | Found a runed translucent door.
  7304 | D:7      | Noticed Crazy Yiuf
  7388 | D:8      | Identified a scroll of acquirement
  7388 | D:8      | Acquired the ring "Itajet" {rN+ Will- MP+9 Slay+3 Stlth+}
  7473 | Temple   | Entered the Ecumenical Temple
  7478 | Temple   | Became a worshipper of Hepliaklqana the Forgotten
  7696 | D:8      | Found a staircase to the Lair.
  7952 | D:8      | Found Wuxkoept's Hallowed Reliquary.
  7953 | D:8      | Noticed an angel
  7991 | D:8      | Reached XP level 11. HP: 72/72 MP: 11/11
  8324 | D:8      | Noticed a boulder beetle
  8457 | D:8      | HP: 5/108 [boulder beetle (2)]
  8460 | D:8      | HP: 2/108 [boulder beetle (4)]
  8461 | D:8      | Mangled by a boulder beetle

Illustrated notes

Levels and vault maps discovered:
D:1:      psy_arrival_radial02, layout_rooms, serial_shops,
          nicolae_shop_waterfront, dreamdust_ecumenical_altar_grove,
          grunt_decor_cap
D:2:      minmay_inner_zag, layout_basic, hangedman_glass_teeth,
          kennysheep_generic_room_13
D:3:      layout_loops_corners, nicolae_qazlal_general_emergency,
          lemuel_zombie_altar_kikubaaqudgha, minivault_5, chequers_garden,
          uniq_ijyb, uniq_jessica, uniq_sigmund, uniq_terence, uniq_grinder
D:4:      layout_cave_pools, enter_ossuary_2, saegor_snake_ambush, uniq_pikel
D:5:      layout_rooms, nicolae_wu_jian_immortal_techniques,
          minmay_temple_entry_sparse_star
D:6:      layout_loops_corners, vehumet_altar_wand_db
D:7:      layout_cave_pools, enter_bailey_2, serial_shops, nicolae_square_shop,
          kennysheep_generic_room_3, uniq_crazy_yiuf_cottage
D:8:      layout_loops_ring, minmay_lair_entry_grove, nicolae_good_shop
D:9:      layout_cross, mainiacjoe_overflow_chevrons,
          nicolae_ashenzari_skybound, zin_treasury, jiyva_altar_1
Temple:   minmay_freezing_vapour_temple

Skill      XL: |  1  2  3  4  5  6  7  8  9 10 |
---------------+-------------------------------+-----
Ranged Weapons | 4 5 6 7 9 11 13 15 | 15.8
Fighting       | |  2.0
Dodging        | |  1.7
Stealth        | |  0.8

Action                     |  1- 3 |  4- 6 |  7- 9 | 10-12 || total
---------------------------+-------+-------+-------+-------++-------
  Melee: Orcbow            |       |     3 |       |       ||     3
         Executioner's axe |       |       |       |     6 ||     6
   Fire: Shortbow          |    69 |       |       |       ||    69
         Orcbow            |    11 |    99 |   360 |   319 ||   789
  Evoke: Wand              |       |       |     3 |     3 ||     6
    Use: Scroll            |     2 |     3 |    12 |     3 ||    20
         Potion            |       |     5 |       |     8 ||    13
 Armour: Leather armour    |    15 |    20 |   100 |    58 ||   193
  Dodge: Dodged            |    12 |    20 |    78 |    39 ||   149
  Block: Other             |     5 |     8 |    26 |    11 ||    50

Table legend: (Time is in decaauts)
 A = Elapsed time spent in this place.
 B = Non-inter-level travel time spent in this place.
 C = Inter-level travel time spent in this place.
 D = Time resting spent in this place.
 E = Time spent auto-exploring this place.
 F = Levels seen in this place.
 G = Mean time per level.
                   A        B        C        D        E       F      G
               +--------+--------+--------+--------+--------+-----+--------+
         Total |   8487 |   7992 |    495 |    284 |   6195 |  12 |  707.2 |
       Dungeon |   7114 |   6624 |    490 |    257 |   5309 |   9 |  790.4 |
        Temple |     10 |      5 |      5 |      0 |      0 |   1 |   10.0 |
       Ossuary |    542 |    542 |      0 |     27 |    365 |   1 |  542.0 |
        Bailey |    820 |    820 |      0 |      0 |    520 |   1 |  820.0 |
               +--------+--------+--------+--------+--------+-----+--------+

Top non-repeatable levels by time:
     D:3: 1320 daAuts
     D:2: 1262 daAuts
     D:6: 946 daAuts
     D:8: 883 daAuts
     D:7: 831 daAuts
  Bailey: 820 daAuts
     D:4: 641 daAuts
     D:1: 641 daAuts
     D:5: 586 daAuts
 Ossuary: 542 daAuts
  Temple: 10 daAuts
     D:9: 1 daAuts
